 Dungeon Crawl Stone Soup version 0.32-a0-418-g34023cf50c (webtiles) character file.

Game seed: 17780217329887719588

178 Asfel the Chopper (level 5, -3/41 HPs)
             Began as a Demonspawn Berserker on Feb 21, 2024.
             Was a Believer of Trog.
             Slain by a gnoll bouda
             ... wielding a +0 whip
              (9 damage)
             ... on level 4 of the Dungeon.
             The game lasted 00:07:26 (2511 turns).

Asfel the Chopper (Demonspawn Berserker)            Turns: 2511, Time: 00:07:29

Health: -3/41      AC:  2    Str: 19    XL:     5   Next: 32%
Magic:  5/5        EV: 13    Int:  3    God:    Trog [**....]
Gold:   169        SH:  0    Dex: 18    Spells: 4/4 levels left

rFire   . . .        s - +5 whip of the Scuffed God {heavy, rCorr Int-5 Dex+6 Stlth-}
rCold   . . .        (no shield)
rNeg    . . .        b - +0 animal skin
rPois   .            (helmet restricted)
rElec   .            (no cloak)
rCorr   +            (no gloves)
SInv    .            (no boots)
Will    ++...        f - amulet of regeneration
Stlth   +            (no ring)
HPRegen 2.06/turn    (no ring)
MPRegen 0.18/turn

%: no passive effects
@: strong-willed, regenerating
A: antennae 1, powered by death 1, magic regeneration
a: Renounce Religion, Berserk, Trog's Hand


You were on level 4 of the Dungeon.
You worshipped Trog.
Trog was pleased with you.
You visited 1 branch of the dungeon, and saw 4 of its levels.

You collected 169 gold pieces.

Inventory:

Hand Weapons
 a - a +0 hand axe
 c - a +0 rapier
 s - the +5 whip of the Scuffed God (weapon) {heavy, rCorr Int-5 Dex+6 Stlth-}
   (You found it on level 3 of the Dungeon)

   Int-5:     It affects your intelligence (-5).
   Dex+6:     It affects your dexterity (+6).
   rCorr:     It protects you from acid and corrosion.
   Stlth-:    It makes you less stealthy.
Missiles
 e - a throwing net (quivered)
Armour
 b - a +0 animal skin (worn)
Jewellery
 f - an amulet of regeneration (around neck)
 p - a +6 ring of intelligence
Wands
 k - a wand of polymorph (6)
 t - a wand of digging (8)
Scrolls
 d - a scroll of poison
 m - a scroll of identify
 q - a scroll of immolation
Potions
 g - 4 potions of curing
 h - a potion of lignification
 i - a potion of haste
 j - a potion of brilliance {unknown}
 l - 2 potions of might {unknown}
 n - 2 potions of attraction {unknown}
 o - a potion of ambrosia {unknown}
 r - a potion of berserk rage {unknown}


   Skills:
 + Level 3.6 Fighting
 + Level 4.4(4.5) Axes
 * Level 1.0(2.9) Maces & Flails
 + Level 1.8 Armour
 + Level 2.6 Dodging
 + Level 0.8 Stealth


You had 4 spell levels left.
You didn't know any spells.
Your spell library contained the following spells:

 Spells                   Type           Power      Damage    Failure   Level
 Magic Dart               Conj           0%         1d3       52%         1
 Searing Ray              Conj           0%         2d4       67%         2
 Fulminant Prism          Conj/Alch      0%         3d5       99%         4


Dungeon Overview and Level Annotations

Branches:
Dungeon (4/15)
 Temple: D:4-7

Altars:
Kikubaaqudgha

Annotations:
D:4 ongoing's ghost, amateur CoHu


Innate Abilities, Weirdness & Mutations

You have a pair of small antennae on your head.
You regenerate a little health from kills.
You regenerate magic rapidly.


Message History

You now have 169 gold pieces (gained 8).
Found a ring mail.
A hound comes into view.
A hound is nearby!
A gnoll bouda comes into view. It is wielding a +0 whip.
Found an escape hatch in the floor.
The gnoll bouda shouts!
The gnoll bouda gazes fiercely through you!
You feel your attacks grow feeble.
You hear a shout!
The gnoll bouda barks out a call to the hunt!
You hit the hound.
The hound is lightly wounded.
The hound closely misses you.
A gnoll comes into view. It is wielding a +0 club.
The hound bites you.
A gnoll comes into view. It is wielding a +0 halberd.
A gnoll comes into view. It is wielding a +0 club.
The gnoll shouts!
You whack the hound!
The hound is heavily wounded.
The hound bites you. x3
You closely miss the hound.
The hound is heavily wounded.
The hound completely misses you. The hound bites you.
The gnoll bouda misses you. The gnoll barely misses you.
Your skin crawls.
You feel strong-willed. The hound bites you.
The gnoll hits you but does no damage.
The gnoll hits you from afar with a +0 halberd!
* * * LOW HITPOINT WARNING * * *
The hound barely misses you.
You fail to use your ability.
Your attacks no longer feel as feeble.
The hound bites you.
* * * LOW HITPOINT WARNING * * *
The gnoll hits you with a +0 club.
* * * LOW HITPOINT WARNING * * *
The gnoll bouda hits you with a +0 whip!
You die...

###.# ##≈...# ...#.# #. .
..≈#. .>#.##. . ≈.≈..
#.#.#.#.#
..≈######.....#.###
#####≈..##..#.........#
##......##...........#
.#.......#.##..ghgg#
.##.............@g.##
.....)....####......##
....##......##...!......
...####.###..........###
#.####### ##.#........#
#... #..#.#
#.....#.....##...
.....#####.....###.##.....#
.
............#....#.##.....
..
....#.....#.#....#.......#
...


You could see a gnoll bouda, a hound and 3 gnolls.

Vanquished Creatures
  2 orc priests (D:3)
  An iguana (D:4)
  2 adders
  A ribbon worm (D:2)
  2 dart slugs
  3 orcs
  4 ball pythons (D:1)
  4 bats (D:1)
  4 endoplasms
  A giant cockroach (D:3)
  3 goblins (D:1)
  4 hobgoblins
  3 frilled lizards
  7 rats
41 creatures vanquished.

Notes
Turn   | Place    | Note
-------+----------+-------------------------------------------
     0 | D:1      | Asfel the Demonspawn Berserker began the quest for the Orb.
     0 | D:1      | Reached XP level 1. HP: 18/18 MP: 1/1
   254 | D:1      | Reached skill level 3 in Axes
   254 | D:1      | Gained mutation: You have a pair of small antennae on your
                  | head. [demonic ancestry]
   254 | D:1      | Reached XP level 2. HP: 24/24 MP: 2/2
   294 | D:1      | Found a faded altar of an unknown god.
   702 | D:1      | Reached XP level 3. HP: 28/29 MP: 3/3
  1650 | D:2      | Found an ancient bone altar of Kikubaaqudgha.
  1901 | D:3      | Identified the +5 whip of the Scuffed God {heavy, rCorr
                  | Int-5 Dex+6 Stlth-}
  2115 | D:3      | Gained mutation: You regenerate a little health from kills.
                  | [demonic ancestry]
  2115 | D:3      | Reached XP level 4. HP: 15/35 MP: 4/4
  2120 | D:3      | Reached skill level 4 in Axes
  2124 | D:3      | Reached ** piety under Trog
  2251 | D:3      | Gained mutation: You regenerate magic rapidly. [demonic
                  | ancestry]
  2251 | D:3      | Reached XP level 5. HP: 33/41 MP: 5/5
  2437 | D:4      | Noticed ongoing's ghost (amateur CoHu)
  2455 | D:4      | Reached skill level 1 in Maces & Flails
  2511 | D:4      | Slain by a gnoll bouda

Illustrated notes

Levels and vault maps discovered:
D:1:      dpeg_arrival_lava_temple_mockup, layout_basic,
          ebering_ecumenical_altar_abandoned,
          nicolae_concentric_dashed_squares_mild, minmay_hexomino_p4
D:2:      layout_basic, basic_altar, kennysheep_cross_room, nrook_loot_triangle,
          hex_intersection, minmay_large_rounded_square
D:3:      layout_loops_ring
D:4:      layout_cave_pools, mainiacjoe_overflow_swirl,
          nicolae_ru_path_of_blood, lemuel_crystal_altar, gammafunk_ghost_icy,
          uniq_ijyb

Skill      XL: |  1  2  3  4  5 |
---------------+----------------+-----
Axes           | 3 4 |  4.4
Dodging        | 2 |  2.6
Maces & Flails | 1 |  1.0
Fighting       | |  3.6
Armour         | |  1.8
Stealth        | |  0.8

Action                     |  1- 3 |  4- 6 || total
---------------------------+-------+-------++-------
  Melee: Hand axe          |   107 |       ||   107
         Whip              |     5 |    23 ||    28
 Invoke: Berserk           |     1 |     1 ||     2
         Trog's Hand       |       |     1 ||     1
    Use: Scroll            |     7 |       ||     7
   Stab: Sleeping          |     3 |       ||     3
 Armour: Animal skin       |    91 |    17 ||   108
  Dodge: Dodged            |   101 |    16 ||   117

Table legend: (Time is in decaauts)
 A = Elapsed time spent in this place.
 B = Non-inter-level travel time spent in this place.
 C = Inter-level travel time spent in this place.
 D = Time resting spent in this place.
 E = Time spent auto-exploring this place.
 F = Levels seen in this place.
 G = Mean time per level.
                   A        B        C        D        E       F      G
               +--------+--------+--------+--------+--------+-----+--------+
         Total |   2554 |   2334 |    220 |      0 |   1825 |   4 |  638.5 |
       Dungeon |   2554 |   2334 |    220 |      0 |   1825 |   4 |  638.5 |
               +--------+--------+--------+--------+--------+-----+--------+

Top non-repeatable levels by time:
     D:1: 1146 daAuts
     D:3: 681 daAuts
     D:2: 636 daAuts
     D:4: 90 daAuts
